Map: Stasis LE

Players

Yocto

  • Race: Zerg Zerg
  • Spawn Location: 1:00

Spector - Winner!

  • Race: Terran Terran
  • League: Gold
  • Spawn Location: 11:00

VOD

Have the link to the VOD?

Description

Time

  • Played on: Dec. 14, 2018, 8:59 a.m.
  • Length: 20:52
Show
View Real Time Build Order
Export as new Build Order

Yocto Zerg 

Build Orders: Hatch First 

Get SALT Encoding   

  12  0:01  Drone  
  13  0:13  Overlord  
  13  0:24  Drone  
  14  0:35  Drone x2  
  16  0:38  Drone  
  17  1:05  Hatchery  
  17  1:10  Drone  
  17  1:12  Drone  
  17  1:14  Drone  
  19  1:33  Extractor  
  19  1:36  Spawning Pool  
  19  1:37  Drone x2  
  19  1:58  Drone  
  20  2:06  Overlord  
  19  2:24  Zergling x4  
  19  2:25  Queen  
  19  2:27  Queen  
  25  2:41  Drone  
  25  2:42  Metabolic Boost  
  26  2:51  Drone x2  
  26  2:52  Hatchery, Drone  
  28  3:00  Drone x2  
  28  3:01  Drone  
  31  3:09  Overlord  
  31  3:21  Queen  
  33  3:28  Drone x4  
  37  3:46  Drone x5  
  42  3:53  Overlord x2, Baneling Nest  
  41  4:13  Evolution Chamber  
  41  4:15  Zergling x8  
  41  4:16  Zergling x10  
  50  4:17  Zergling x2  
  50  4:23  Queen  
  52  4:35  Overlord x2  
  52  4:46  Overlord x2  
  52  4:47  Baneling x3  
  52  4:48  Baneling  
  52  4:51  Queen  
  54  4:53  Extractor  
  54  4:54  Drone x3  
  54  4:58  Drone x2  
  58  5:03  Queen  
  60  5:07  Spore Crawler  
  60  5:09  Spore Crawler  
  60  5:10  Drone  
  59  5:18  Drone x4  
  63  5:24  Zerg Melee Weapons Level 1  
  63  5:40  Lair  
  63  5:42  Drone  
  64  5:45  Drone  
  64  5:46  Extractor  
  64  5:48  Drone x3  
  67  5:53  Extractor, Drone x3  
  69  5:57  Zergling x10  
  69  5:58  Zergling x6  
  75  6:29  Zergling x12  
  75  6:30  Zergling x16  
  89  6:44  Overlord x3  
  89  6:45  Queen, Hydralisk Den  
  90  6:49  Baneling x6  
  90  6:50  Baneling  
  90  7:01  Overlord x2  
  90  7:09  Drone x3  
  90  7:10  Drone x5  
  98  7:21  Queen  
  97  7:24  Overseer  
  83  7:55  Drone x5  
  83  7:56  Drone x7  
  83  7:57  Drone x2  
  97  8:14  Roach Warren  
  97  8:16  Zerg Ground Armor Level 1  
  97  8:18  Muscular Augments  
  97  8:19  Hydralisk x6  
  104  8:20  Hatchery  
  104  8:25  Extractor  
  104  8:26  Extractor, Spore Crawler  
  104  8:33  Zergling x16  
  112  8:40  Baneling x5  
  112  8:41  Baneling x4  
  110  8:54  Drone x3  
  113  8:58  Overlord x4  
  113  8:59  Overlord, Hydralisk  
  115  9:23  Zergling x6  
  115  9:24  Zergling x16  
  122  9:25  Zergling x2  
  127  9:34  Infestation Pit  
  105  9:50  Zergling x16, Spire  
  105  9:51  Zergling x2  
  113  10:14  Spire, Drone  
  113  10:15  Drone x3  
  116  10:21  Glial Reconstitution  
  116  10:24  Roach  
  116  10:25  Roach x6  
  116  10:26  Roach x4  
  116  10:27  Zerg Ground Armor Level 2  
  138  10:35  Evolution Chamber  
  133  10:54  Queen  
  133  10:59  Drone x6  
  133  11:00  Drone x5  
  133  11:04  Mutalisk x4  
  144  11:11  Hive  
  152  11:16  Roach x4  
  160  11:27  Overlord x5  
  160  11:52  Roach x7  
  174  11:56  Zerg Missile Weapons Level 1  
  174  12:06  Zergling x6  
  174  12:07  Zergling x8  
  179  12:35  Viper  
  179  12:36  Viper x2  
  179  12:37  Viper x2  
  186  12:59  Drone x2  
  186  13:05  Greater Spire  
  188  13:17  Zergling x8  
  188  13:18  Zergling x14  
  199  13:28  Extractor  
  198  13:35  Adrenal Glands  
  198  13:40  Hatchery  
  126  14:49  Corruptor x8  
  126  14:50  Corruptor  
  141  14:56  Zergling x10  
  141  14:57  Zergling x14  
  141  14:58  Zergling x8  
  157  15:01  Zerg Missile Weapons Level 2  
  157  15:03  Zerg Ground Armor Level 3  
  157  15:07  Corruptor x3  
  157  15:13  Corruptor  
  157  15:14  Corruptor x2  
  169  15:29  Brood Lord x4  
  169  15:30  Brood Lord x4  
  169  15:31  Corruptor x4  
  169  15:32  Corruptor x2  
  197  15:44  Extractor  
  196  15:53  Extractor  
  195  16:04  Overlord x2  
  195  16:10  Baneling x4  
  195  16:11  Baneling x3  
  195  16:46  Unknown  
  149  17:02  Corruptor x6  
  149  17:03  Corruptor x7  
  175  17:19  Queen  
  170  17:37  Brood Lord x3  
  170  17:54  Zerg Flyer Weapons Level 1  
  170  18:00  Brood Lord x2  
  170  18:04  Zergling x6  
  170  18:05  Zergling x16  
  183  18:06  Zergling x12  
  183  18:07  Zergling x6  
  183  18:11  Extractor  
  193  18:25  Corruptor x3  
  139  19:07  Corruptor x3  
  139  19:08  Corruptor x7  
  111  19:26  Corruptor x3  
  111  19:30  Zergling x4  
  111  19:31  Zergling x16  
  124  19:32  Zergling x4  
  123  19:46  Corruptor  
  123  19:47  Corruptor  
Show
View Real Time Build Order
Export as new Build Order

Spector Terran - Winner!

Build Orders: Reaper Expand, Hellion Banshee, Mech 

Get SALT Encoding   

  12  0:01  SCV  
  13  0:13  SCV  
  14  0:18  Supply Depot  
  14  0:25  SCV  
  15  0:40  SCV  
  15  0:41  Barracks  
  16  0:47  Refinery  
  16  0:52  SCV  
  17  1:04  SCV  
  18  1:16  SCV  
  19  1:32  Orbital Command  
  19  1:36  Reaper  
  20  2:02  Command Center  
  20  2:06  SCV  
  21  2:15  Supply Depot  
  21  2:17  Barracks Reactor  
  21  2:25  Refinery  
  21  2:32  SCV  
  22  2:39  Factory  
  22  2:44  SCV  
  23  2:59  SCV  
  23  3:00  Marine x2  
  26  3:11  SCV  
  27  3:16  Supply Depot  
  27  3:25  Starport  
  28  3:34  Barracks Tech Lab  
  28  3:36  Orbital Command  
  28  3:37  SCV  
  28  3:49  SCV  
  28  3:52  Hellion, Bunker  
  28  3:53  Hellion  
  33  4:01  SCV  
  34  4:09  Cloaking Field  
  34  4:10  Banshee  
  39  4:17  Hellion x2  
  39  4:19  SCV x2  
  43  4:31  SCV x2  
  43  4:32  Supply Depot  
  43  4:33  Supply Depot  
  43  4:34  Supply Depot  
  44  4:39  Hellion  
  44  4:41  Hellion  
  44  4:43  SCV x2  
  50  4:48  Refinery  
  50  5:00  Supply Depot  
  50  5:23  Hellion x2, Banshee  
  57  5:38  Engineering Bay  
  57  5:42  Supply Depot  
  57  5:51  Hellion x2  
  57  5:57  Factory x2, SCV  
  61  5:58  SCV  
  61  6:00  Command Center  
  61  6:03  Refinery  
  63  6:23  Hellion x2  
  63  6:25  Banshee  
  70  6:26  SCV x2  
  72  6:32  Missile Turret  
  72  6:34  Missile Turret  
  72  6:38  SCV x2  
  74  6:41  Factory Tech Lab  
  74  6:42  Factory Tech Lab  
  74  6:46  Armory  
  74  6:47  Armory  
  74  6:48  Missile Turret  
  74  6:50  Hellion x2  
  78  6:55  Supply Depot  
  78  6:56  Supply Depot  
  78  7:12  SCV x2, Siege Tank x2  
  63  7:48  Hellion, Siege Tank x2  
  63  7:49  Raven, Hellion  
  63  7:50  Terran Vehicle Weapons Level 1  
  63  7:51  Terran Vehicle And Ship Armor Level 1  
  75  8:02  Factory  
  75  8:03  Factory  
  75  8:04  Missile Turret  
  75  8:12  Orbital Command  
  75  8:13  Missile Turret, SCV x2  
  75  8:14  Missile Turret  
  77  8:26  Siege Tank x2  
  85  8:27  Hellion  
  85  8:29  Hellion  
  81  8:44  SCV x2  
  81  8:45  Orbital Command  
  83  8:54  Command Center  
  83  8:55  Supply Depot  
  83  8:59  SCV x2  
  85  9:18  SCV x3  
  85  9:21  Refinery  
  85  9:23  Refinery  
  88  9:27  Missile Turret  
  88  9:30  SCV x3  
  84  9:42  SCV x3  
  81  9:49  Hellion x2  
  81  9:50  Factory Tech Lab x2  
  81  9:52  Raven, Siege Tank x2  
  93  9:53  Terran Vehicle Weapons Level 2  
  93  9:54  Terran Vehicle And Ship Armor Level 2  
  93  10:02  Starport  
  93  10:04  Starport  
  93  10:05  Starport  
  93  10:08  Supply Depot x2  
  93  10:11  Hellion, Supply Depot  
  95  10:21  Sensor Tower  
  95  10:44  Thor x4  
  95  10:46  Hellion x2  
  120  10:57  SCV x3  
  122  11:03  Starport Reactor, Starport Tech Lab x2  
  120  11:13  Fusion Core  
  120  11:14  Hellion x5  
  120  11:15  Infernal Pre-Igniter  
  120  11:16  Command Center, Smart Servos  
  120  11:23  Hellion x2  
  124  11:28  Viking x2  
  128  11:54  SCV x3  
  130  12:06  SCV x3  
  130  12:08  Thor x3  
  145  12:09  Hellion  
  145  12:10  Hellion  
  145  12:11  Hellion  
  157  12:16  Planetary Fortress  
  157  12:20  Liberator x2  
  157  12:36  Hellion x3  
  155  12:53  Terran Vehicle Weapons Level 3  
  153  13:15  Refinery  
  153  13:18  Refinery  
  153  13:26  Viking  
  153  13:27  Viking  
  156  13:51  Siege Tank x2  
  156  13:52  Hellion x3  
  156  13:53  Thor  
  156  13:54  Banshee  
  177  13:57  Terran Ship Weapons Level 1  
  177  14:03  Supply Depot  
  177  14:04  Supply Depot  
  177  14:05  Supply Depot  
  177  14:07  Banshee  
  180  14:13  Starport  
  180  14:15  Starport  
  180  14:34  Liberator x3  
  180  14:35  Liberator  
  152  14:54  Hellion x5  
  152  14:55  Hellion  
  164  15:08  Planetary Fortress  
  164  15:15  Refinery  
  164  15:16  Refinery  
  164  15:21  Missile Turret  
  164  15:24  Missile Turret  
  164  15:26  Missile Turret  
  164  15:30  Terran Vehicle And Ship Armor Level 3  
  164  15:40  Battlecruiser x2  
  176  15:45  Starport Tech Lab x2  
  176  16:22  Missile Turret  
  172  16:46  Command Center  
  165  16:51  Refinery  
  142  16:54  Refinery  
  127  17:03  Battlecruiser x5  
  127  17:05  Viking x2  
  161  17:11  Hellion x4  
  161  17:12  Hellion x2  
  173  17:24  Missile Turret  
  173  17:25  Missile Turret x4  
  173  17:26  Missile Turret x2  
  173  17:28  Missile Turret  
  173  17:31  Terran Ship Weapons Level 2  
  173  18:03  Planetary Fortress  
  173  18:19  Thor x2  
  179  18:21  Battlecruiser x2  
  179  18:24  Siege Tank  
  179  18:26  Missile Turret  
  200  18:29  Missile Turret  
  139  19:16  Thor x3  
  139  19:17  Thor  
  157  19:19  Hellion x2  
  157  19:20  Viking x2  
  157  19:22  Battlecruiser  
  157  19:23  Viking  
  179  20:03  Raven x2  
  179  20:05  Hellion x3  
  179  20:06  Hellion x2  
Tags
 
League
Gold
Matchup
TvZ
Replay Pack
Yocto
Spawn Locations
Close Positions
Add a new tag
Caveats
  • Supply blocks, unpowered buildings, or Contaminate may cause inaccurate times.
  • Supply counts are checked every 10 seconds.